 Dungeon Crawl Stone Soup version 0.30-a0-165-g1891117ce2 (webtiles) character file.

Game seed: 12078602199864694434

41 qw the Chopper (level 3, -3/23 HPs)
             Began as a Gargoyle Fighter on Sept 28, 2022.
             Slain by an orc priest
             ... wielding a +0 trident
              (5 damage)
             ... on level 3 of the Dungeon.
             The game lasted 00:00:33 (1716 turns).

qw the Chopper (Gargoyle Fighter)                   Turns: 1716, Time: 00:00:34

Health: -3/23      AC: 11    Str: 21    XL:     3   Next: 52%
Magic:  3/3        EV:  9    Int:  8    God:
Gold:   146        SH:  5    Dex: 15    Spells: 2/2 levels left

rFire   . . .      SeeInvis .    Y - +0 war axe
rCold   . . .      Faith    .    c - +0 buckler
rNeg    + . .      Spirit   .    b - +0 scale mail
rPois   inf        Reflect  .    g - +0 helmet
rElec   +          Harm     .    (no cloak)
rCorr   +          Rampage  .    (no gloves)
Will    .....                    (no boots)
Stlth   ..........               (no amulet)
HPRegen 0.07/turn                h - +6 ring of dexterity
MPRegen 0.08/turn                j - ring of resist corrosion

@: no status effects
A: sickness immunity, AC +3, negative energy resistance 1, electricity
resistance, torment resistance 1, petrification resistance
a: no special abilities


You were on level 3 of the Dungeon.
You visited 1 branch of the dungeon, and saw 4 of its levels.

You collected 146 gold pieces.


Innate Abilities, Weirdness & Mutations

You are immune to sickness and miasma.
Your stone body is resilient. (AC +3)
You are immune to poison.
You resist negative energy. (rN+)
You are resistant to electric shocks. (rElec)
You are resistant to unholy torment.
You are immune to petrification.


   Skills:
 - Level 3.2 Fighting
 - Level 3.3 Axes
 - Level 3.2 Armour
 + Level 0.5 Dodging
 - Level 3.2 Shields


You had 2 spell levels left.
You didn't know any spells.
Your spell library was empty.

Inventory:

Hand Weapons
 e - a +0 club
 Y - a +0 war axe (weapon)
Armour
 b - a +0 scale mail (worn)
 c - a +0 buckler (worn)
 g - a +0 helmet (worn)
Jewellery
 h - a +6 ring of dexterity (left hand)
 j - a ring of resist corrosion (right hand)
Potions
 d - 2 potions of might
 f - a potion of brilliance {unknown}
 k - a potion of ambrosia {unknown}
 m - a potion of curing {unknown}

Dungeon Overview and Level Annotations

Branches:
Dungeon (4/15)
 Temple: D:4-7

Altars:
Sif Muna


Message History

1676 ||| STAIRDANCE The kobold throws a poisoned dart.
The poisoned dart hits you!
You climb upwards.
Found a ring mail.
There is a stone staircase leading down here.
Existing waypoints: (1) D:2 (2) D:4 Assign waypoint to what number? (0-9, D - delete waypoint) Waypoint 1 re-assigned from D:2 to D:3.
An orc comes into view. It is wielding a +0 hand axe.
The orc shouts!
You hear a shout! x2
An orc priest comes into view. It is wielding a +0 trident.
1709 ||| Stepping ~*~*~tactically~*~*~ (hiding).
You barely miss the orc. The orc hits you but does no damage.
You closely miss the orc. The orc hits you with a +0 hand axe.
You hit the orc.
The orc is almost dead.
The orc priest hits you but does no damage.
The orc completely misses you. The orc priest barely misses you.
The orc hits you but does no damage.
You closely miss the orc.
The orc is almost dead.
The orc priest calls down the wrath of Beogh upon you.
Beogh smites you! The orc misses you.
You hear a shout! x3
You barely miss the orc.
The orc is almost dead.
The orc hits you but does no damage. You block the orc priest's attack.
You barely miss the orc.
The orc is almost dead.
An orc comes into view. It is wielding a +0 club.
An orc priest comes into view. It is wielding a +3 hand axe.
The orc priest mumbles some strange prayers to Beogh against you.
Beogh smites you!
Ouch! That really hurt!
The orc hits you but does no damage.
The orc priest hits you from afar with a +0 trident.
You die...

#.# #.#
#.#
#.####
#....###
####...#
###.# #.#
#@# #o#
#.o...o..
##o......
.......
.......
.......
###....
#...


You could see an orc priest and 2 orcs.

Vanquished Creatures
  2 dart slugs (D:1)
  An endoplasm (D:2)
  A giant cockroach (D:1)
  5 goblins
  2 hobgoblins (D:1)
  A kobold (D:1)
  5 quokkas
  8 ball pythons
  3 bats
  3 frilled lizards (D:1)
  3 rats (D:1)
34 creatures vanquished.

Vanquished Creatures (others)
  A fungus (D:1)
  9 toadstools (D:1)
10 creatures vanquished.

Grand Total: 44 creatures vanquished

Notes
Turn   | Place    | Note
-------+----------+-------------------------------------------
     0 | D:1      | qw the Gargoyle Fighter began the quest for the Orb.
     0 | D:1      | Reached XP level 1. HP: 14/14 MP: 1/1
     0 | D:1      | 0 ||| qw: Version: 0.2-a-12-gaebbb33
     0 | D:1      | 0 ||| qw: Game counter: 796
     0 | D:1      | 0 ||| qw: Always use a shield: true
     0 | D:1      | 0 ||| qw: God list: Okawaru
     0 | D:1      | 0 ||| qw: Allow faded altars: false
     0 | D:1      | 0 ||| qw: Do Orc after D:15 true
     0 | D:1      | 0 ||| qw: Do second Lair branch before Depths: true
     0 | D:1      | 0 ||| qw: Lair rune preference: random
     0 | D:1      | 0 ||| qw: Plans: Normal, Zot:1-4, God:TSO, Crypt, Tomb,
                  | Pan, Slime:5, Hells, Abyss, Orb
     0 | D:1      | 0 ||| PLANNING D:1-11
    89 | D:1      | 89 ||| Stepping ~*~*~tactically~*~*~ (stealth).
    96 | D:1      | 96 ||| Stepping ~*~*~tactically~*~*~ (stealth).
   108 | D:1      | 108 ||| Stepping ~*~*~tactically~*~*~ (stealth).
   239 | D:1      | Found a faded altar of an unknown god.
   538 | D:1      | Reached XP level 2. HP: 16/19 MP: 2/2
   660 | D:1      | 660 ||| Stepping ~*~*~tactically~*~*~ (stealth).
   942 | D:1      | 942 ||| Stepping ~*~*~tactically~*~*~ (hiding).
   951 | D:1      | Reached skill level 3 in Axes
  1009 | D:1      | Reached XP level 3. HP: 18/23 MP: 3/3
  1337 | D:1      | 1337 ||| UPGRADING to +0 helmet.
  1342 | D:1      | 1342 ||| DROPPING amulet of magic regeneration.
  1343 | D:1      | 1343 ||| DROPPING ring of flight.
  1344 | D:1      | 1344 ||| UPGRADING to +6 ring of dexterity.
  1345 | D:1      | 1345 ||| UPGRADING to ring of resist corrosion.
  1346 | D:1      | 1346 ||| READING scroll labelled YPPIRA CAIMUR.
  1421 | D:2      | 1421 ||| Stepping ~*~*~tactically~*~*~ (stealth).
  1497 | D:2      | 1497 ||| Stepping ~*~*~tactically~*~*~ (stealth).
  1499 | D:2      | 1499 ||| Stepping ~*~*~tactically~*~*~ (stealth).
  1650 | D:2      | You fall into a shaft and drop 2 floors!
  1650 | D:4      | Found a shimmering blue altar of Sif Muna.
  1666 | D:4      | 1666 ||| READING scroll labelled RUS ARPHIWOU.
  1667 | D:4      | 1667 ||| READING scroll labelled LERHUPEWUI.
  1668 | D:4      | 1668 ||| READING scroll labelled PUNKETRAAG.
  1672 | D:4      | 1672 ||| FLEEEEING.
  1673 | D:4      | 1673 ||| FLEEEEING.
  1674 | D:4      | 1674 ||| FLEEEEING.
  1675 | D:4      | 1675 ||| FLEEEEING.
  1676 | D:4      | 1676 ||| STAIRDANCE
  1709 | D:3      | 1709 ||| Stepping ~*~*~tactically~*~*~ (hiding).
  1716 | D:3      | HP: 2/23 [orc priest/divine providence (13)]
  1716 | D:3      | Slain by an orc priest

Levels and vault maps discovered:
D:1:      ldierk_walled_garden_2, layout_loops_corners,
          shapermc_ecumenical_altar_acropolis, minmay_gold_behind_fungi
D:2:      layout_basic, uniq_natasha
D:3:      layout_rooms, worldfamousw_hep_ancestral_shrine
D:4:      layout_basic, mainiacjoe_overflow_concentric_impassable

Skill      XL: |  1  2 |
---------------+-------+-----
Axes           | 2 3 |  3.3
Fighting       | |  3.2
Armour         | |  3.2
Dodging        | |  0.5
Shields        | |  3.2

Action                   || total
-------------------------++-------
Melee: War axe           ||   108
  Use: Scroll            ||     4
Armor: Scale mail        ||    45
Dodge: Dodged            ||    55
Block: Buckler           ||    18

Table legend:
 A = Non-vault XP
 B = Vault XP
 C = Vault XP percentage of total XP
 D = Non-vault monster count
 E = Vault monster count
 F = Vault count percentage of total count
                 A         B        C        D         E       F
            +---------+---------+-------+---------+---------+-------
      Total |      59 |       0 |   0.0 |      34 |       0 |   0.0
            +---------+---------+-------+---------+---------+-------
        D:1 |      48 |       0 |   0.0 |      28 |       0 |   0.0
        D:2 |       9 |       0 |   0.0 |       5 |       0 |   0.0
        D:4 |       2 |       0 |   0.0 |       1 |       0 |   0.0
            +---------+---------+-------+---------+---------+-------
